 Dungeon Crawl Stone Soup version 0.21.1-1-g345015f (webtiles) character file.

134 tidbits the Insei (level 5, -4/40 HPs)
             Began as a Gnoll Transmuter on Feb 7, 2018.
             Slain by a gnoll
             ... wielding a +0 halberd
              (11 damage)
             ... on level 4 of the Dungeon.
             The game lasted 00:06:11 (570 turns).

tidbits the Insei (Gnoll Transmuter)                 Turns: 570, Time: 00:06:12

Health: -4/40      AC:  3    Str: 12    XL:     5   Next: 17%
Magic:  12/12      EV:  8    Int: 17    God:
Gold:   86         SH:  0    Dex: 15    Spells: 8/14 levels left

rFire    . . .     SeeInvis .     - Unarmed
rCold    . . .     Gourm    .   (no shield)
rNeg     . . .     Faith    .   B - +0 robe
rPois    .         Spirit   .   (no helmet)
rElec    .         Reflect  .   C - +0 cloak
rCorr    .         Harm     .   (no gloves)
MR       .....                  (no boots)
Stlth    ++........             (no amulet)
HPRegen  0.13/turn              (no ring)
MPRegen  0.13/turn              (no ring)

@: held
A: distributed training, fangs 1, blurry vision 2, sense surroundings 1, wild
magic 1, strong nose
a: no special abilities


You were on level 4 of the Dungeon.
You were not hungry.

You visited 1 branch of the dungeon, and saw 4 of its levels.

You collected 86 gold pieces.

Inventory:

Hand Weapons
 f - a +0 dagger
 g - a +0 short sword
 i - a +0 mace of venom
   (You found it on level 3 of the Dungeon)
 j - a +2 quarterstaff of chaos
   (You took it off Crazy Yiuf on level 3 of the Dungeon)
 m - a +0 hunting sling
Missiles
 a - 28 arrows
Armour
 l - a +2 ring mail of magic resistance
   (You took it off an orc on level 3 of the Dungeon)
 B - a +0 robe (worn)
 C - a +0 cloak (worn)
Scrolls
 b - a scroll of identify {unknown}
 e - 2 scrolls of remove curse
 h - a scroll of enchant weapon {unknown}
 k - a scroll of fear
Books
 c - a book of Changes

   Spells                             Type                      Level
   a - Beastly Appendage              Transmutation                1
   b - Sticks to Snakes               Transmutation                2
   c - Spider Form                    Transmutation/Poison         3
   d - Ice Form                       Ice/Transmutation            4
   e - Blade Hands                    Transmutation                5
 n - a book of Minor Magic
   (You found it on level 3 of the Dungeon)

   Spells                             Type                      Level
   a - Magic Dart                     Conjuration                  1
   b - Blink                          Translocation                2
   c - Call Imp                       Summoning                    2
   d - Slow                           Hexes                        2
   e - Conjure Flame                  Conjuration/Fire             3
   f - Mephitic Cloud                 Conjuration/Poison/Air       3
Comestibles
 d - 2 rations


   Skills:
 + Level 2.9 Fighting
 + Level 1.3 Short Blades
 + Level 1.3 Long Blades
 + Level 1.3 Axes
 + Level 1.3 Maces & Flails
 + Level 1.3 Polearms
 + Level 1.3 Staves
 + Level 1.3 Slings
 + Level 1.3 Bows
 + Level 1.3 Crossbows
 + Level 1.3 Throwing
 + Level 1.3 Armour
 + Level 4.7 Dodging
 + Level 1.3 Stealth
 + Level 1.3 Shields
 + Level 6.6 Unarmed Combat
 + Level 5.1 Spellcasting
 + Level 1.1 Conjurations
 + Level 1.1 Hexes
 + Level 1.1 Charms
 + Level 1.1 Summonings
 + Level 1.1 Necromancy
 + Level 1.1 Translocations
 + Level 3.9 Transmutations
 + Level 1.1 Fire Magic
 + Level 1.1 Ice Magic
 + Level 1.1 Air Magic
 + Level 1.1 Earth Magic
 + Level 1.1 Poison Magic
 + Level 1.5 Invocations
 + Level 1.3 Evocations


You had 8 spell levels left.
You knew the following spells:

 Your Spells              Type           Power        Failure   Level  Hunger
e - Beastly Appendage     Tmut           ###...       4%          1    None
k - Sticks to Snakes      Tmut           ###.....     7%          2    #......
p - Spider Form           Tmut/Pois      ###.......   22%         3    ###....


Dungeon Overview and Level Annotations

Branches:
Dungeon (4/15)
 Temple: D:4-7

Altars:

Annotations:
D:3 tidbits's ghost, amateur GnTm


Innate Abilities, Weirdness & Mutations

Your experience applies equally to all skills.
You have very sharp teeth.
Your uncanny sense of smell can sniff out nearby items.
Scrolls take you longer to read.
You passively map a small area around you.
Your spells are a little harder to cast, but a little more powerful.


Message History

Your ball python barely misses the bullfrog skeleton.
Your ball python grabs the bullfrog skeleton.
Your ball python constricts the bullfrog skeleton.
You hit the bullfrog skeleton.
The bullfrog skeleton is severely damaged.
The bullfrog skeleton completely misses you.
Your adder bites the bullfrog skeleton.
Your ball python bites the bullfrog skeleton.
Your ball python constricts the bullfrog skeleton.
You bite the bullfrog skeleton!
You destroy the bullfrog skeleton!
You have reached level 5!
Found a spear.
There is an open door here.
A goblin comes into view. It is wielding a dagger.
The goblin shouts!
You see here 21 bolts.
The bat completely misses you.
Found a ruby potion.
Your transformation is almost over.
The bat hits you.
Your adder bites the bat.
The bat dies!
The goblin completely misses you.
You bite the goblin!
You kill the goblin!
Things that are here:
a dagger; a goblin corpse You see here a spear.
You see here a ruby potion.
n - a ruby potion Your transformation has ended.
Your +0 cloak unmelds from your body.
Your +0 robe unmelds from your body.
There is an open door here.
Tidbits's ghost (amateur Gnoll Transmuter) comes into view.
It was a potion of mutation.
You feel extremely strange.
Your vision blurs.
Your vision blurs.
You feel a strange attunement to the structure of the dungeons.
You feel less in control of your magic.
Tidbits's ghost turns its malevolent gaze towards you.
You aren't carrying any potions.
Unknown command.
Really read with blurry vision while enemies are nearby?
You begin reading the scroll.
You continue reading the scroll.
As you read the scroll labeled MAPPEF KEUC, it crumbles to dust.
You feel blessed for a moment.
It was a scroll of remove curse.
You swap places.
Your adder withers and dies!
You swap places.
There is an open door here.
A quokka comes into view.
There is an open door here.
Really read with blurry vision while enemies are nearby?
Tidbits's ghost lets out a mournful wail.
You begin reading the scroll.
You continue reading the scroll.
As you read the scroll labeled MEBE PETARITT, it crumbles to dust.
You assume a fearsome visage.
The quokka looks frightened!
Tidbits's ghost is unaffected.
It was a scroll of fear.
Unknown command.
Your ball python withers and dies!
Found a ration.
Tidbits's ghost says, "You will join me soon!"
Tidbits's ghost lets out a mournful wail.
Unknown command.
You see here a ration.
Tidbits's ghost wails.
Found a paperback book.
You see here a book of Minor Magic.
n - a book of Minor Magic Tidbits's ghost screams, "There is no future for me!"
Tidbits's ghost wails, "You will join me soon!"
Tidbits's ghost says, "I have seen your future, and it is all used up."
Things that are here:
a dagger; a hand axe; a ring mail You see here a hand axe.
Items here: ! ) †† a mace; a sapphire potion; an orc corpse; an adder corpse
There is a stone staircase leading down here.
You see here a flail.
Tidbits's ghost says, "To die, to sleep, no more."
Tidbits's ghost barely misses you.
You climb downwards. 3 orcs come into view.
The orc shouts!
The gnoll hits you with a halberd!
* * * LOW HITPOINT WARNING * * *
A leopard gecko and an iguana come into view.
There is a stone staircase leading up here.
Okay, then.
Unknown command.
The gnoll hits you from afar with a halberd!
* * * LOW HITPOINT WARNING * * *
The gnoll throws a throwing net.
The throwing net hits you.
You become entangled in the net!
You see here a throwing net {!f}.
You struggle against the net.
The orc shouts! x2; The leopard gecko hisses angrily.
The gnoll hits you from afar with a halberd!
You die...

, #.#..* .# *
#.#..* .#.# ...>
.#.#,# * *
#..##.#.#.#, *
#o...g....# *
#...#...#** *
lo#.#.g.(.#####.
, ,
.......<#.......
* , , *
..#.#...@######.
#........... *
** ###..#######
, , ...# , , ,,
.#... * ***
,#.#... , , #
##..# , #..# *


You could see 2 gnolls and 2 orcs.

Vanquished Creatures
  Crazy Yiuf (D:3)
  A bullfrog skeleton (D:3)
  A gnoll (D:3)
  5 adders
  A worm (D:3)
  2 leopard geckos (D:3)
  6 orcs (D:3)
  A goblin (D:3)
  2 hobgoblins
  3 kobolds
  A quokka (D:2)
  2 bats
  A frilled lizard (D:3)
  A rat (D:1)
28 creatures vanquished.

Vanquished Creatures (collateral kills)
  A bat (D:3)
1 creature vanquished.

Grand Total: 29 creatures vanquished

Notes
Turn   | Place    | Note
-------+----------+-------------------------------------------
     0 | D:1      | tidbits the Gnoll Transmuter began the quest for the Orb.
     0 | D:1      | Reached XP level 1. HP: 17/17 MP: 6/6
   115 | D:2      | Reached XP level 2. HP: 23/23 MP: 5/7
   119 | D:2      | Learned a level 2 spell: Sticks to Snakes
   145 | D:3      | Reached XP level 3. HP: 28/28 MP: 6/9
   150 | D:3      | Learned a level 3 spell: Spider Form
   195 | D:3      | Reached skill level 5 in Spellcasting
   254 | D:3      | Found a runed door.
   260 | D:3      | Noticed Crazy Yiuf
   269 | D:3      | Killed Crazy Yiuf
   269 | D:3      | Reached skill level 1 in Short Blades
   269 | D:3      | Reached skill level 1 in Long Blades
   269 | D:3      | Reached skill level 1 in Axes
   269 | D:3      | Reached skill level 1 in Maces & Flails
   269 | D:3      | Reached skill level 1 in Polearms
   269 | D:3      | Reached skill level 1 in Staves
   269 | D:3      | Reached skill level 1 in Slings
   269 | D:3      | Reached skill level 1 in Bows
   269 | D:3      | Reached skill level 1 in Crossbows
   269 | D:3      | Reached skill level 1 in Throwing
   269 | D:3      | Reached skill level 1 in Armour
   269 | D:3      | Reached skill level 1 in Stealth
   269 | D:3      | Reached skill level 1 in Shields
   269 | D:3      | Reached skill level 1 in Invocations
   269 | D:3      | Reached skill level 1 in Evocations
   269 | D:3      | Reached XP level 4. HP: 31/34 MP: 3/11
   404 | D:3      | Reached skill level 1 in Conjurations
   404 | D:3      | Reached skill level 1 in Hexes
   404 | D:3      | Reached skill level 1 in Charms
   404 | D:3      | Reached skill level 1 in Summonings
   404 | D:3      | Reached skill level 1 in Necromancy
   404 | D:3      | Reached skill level 1 in Translocations
   404 | D:3      | Reached skill level 1 in Fire Magic
   404 | D:3      | Reached skill level 1 in Ice Magic
   404 | D:3      | Reached skill level 1 in Air Magic
   404 | D:3      | Reached skill level 1 in Earth Magic
   404 | D:3      | Reached skill level 1 in Poison Magic
   482 | D:3      | Reached XP level 5. HP: 22/40 MP: 0/12
   499 | D:3      | Noticed tidbits's ghost (amateur GnTm)
   499 | D:3      | Gained mutation: Scrolls take you a little longer to read. [potion of mutation]
   499 | D:3      | Gained mutation: Scrolls take you longer to read. [potion of mutation]
   499 | D:3      | Gained mutation: You passively map a small area around you. [potion of mutation]
   499 | D:3      | Gained mutation: Your spells are a little harder to cast, but a little more powerful. [potion of mutation]
   570 | D:4      | Slain by a gnoll

Skill      XL: |  1  2  3  4 |
---------------+-------------+-----
Spellcasting   | 5 |  5.1
Short Blades   | 1 |  1.3
Long Blades    | 1 |  1.3
Axes           | 1 |  1.3
Maces & Flails | 1 |  1.3
Polearms       | 1 |  1.3
Staves         | 1 |  1.3
Slings         | 1 |  1.3
Bows           | 1 |  1.3
Crossbows      | 1 |  1.3
Throwing       | 1 |  1.3
Armour         | 1 |  1.3
Stealth        | 1 |  1.3
Shields        | 1 |  1.3
Invocations    | 1 |  1.5
Evocations     | 1 |  1.3
Conjurations   | 1 |  1.1
Hexes          | 1 |  1.1
Charms         | 1 |  1.1
Summonings     | 1 |  1.1
Necromancy     | 1 |  1.1
Translocations | 1 |  1.1
Fire Magic     | 1 |  1.1
Ice Magic      | 1 |  1.1
Air Magic      | 1 |  1.1
Earth Magic    | 1 |  1.1
Poison Magic   | 1 |  1.1
Fighting       | |  2.9
Dodging        | |  4.7
Unarmed Combat | |  6.6
Transmutations | |  3.9

Action                   |  1- 3 |  4- 6 || total
-------------------------+-------+-------++-------
Melee: Unarmed           |    28 |    39 ||    67
       Kick              |     5 |       ||     5
 Cast: Beastly Appendage |     7 |       ||     7
       Sticks to Snakes  |     1 |     5 ||     6
       Spider Form       |     2 |     6 ||     8
  Use: Scroll            |       |     2 ||     2
       Potion            |       |     1 ||     1
 Stab: Sleeping          |     1 |       ||     1
  Eat: Ration            |       |     1 ||     1
Armor: Robe              |     3 |       ||     3
       Skin              |       |     1 ||     1
Dodge: Dodged            |    18 |    37 ||    55

Table legend:
 A = Turns spent in this place as a percentage of turns spent in the entire game.
 B = Non-inter-level travel turns spent in this place as a percentage of non-inter-level travel turns spent in the entire game.
 C = Inter-level travel turns spent in this place as a percentage of turns spent in this place.
 D = Turns resting spent in this place as a percentage of non-inter-level travel turns spent in this place.
 E = Turns spent auto-exploring this place as a percentage of non-inter-level travel turns spent in this place.
 F = Non-inter-level travel turns spent in this place divided by the number of levels of this place that you've seen.
                   A       B       C       D       E      F
               +-------+-------+-------+-------+-------+----------------------
         Total | 100.0 | 100.0 |   0.0 |   0.0 |   0.0 | 142.5
       Dungeon | 100.0 | 100.0 |   0.0 |   0.0 |   0.0 | 142.5
               +-------+-------+-------+-------+-------+----------------------

Table legend:
 A = Kills in this place as a percentage of kills in entire the game.
 B = Kills by you in this place as a percentage of kills by you in the entire game.
 C = Kills by friends in this place as a percentage of kills by friends in the entire game.
 D = Other kills in this place as a percentage of other kills in the entire game.
 E = Experience gained in this place as a percentage of experience gained in the entire game.
 F = Experience gained in this place divided by the number of levels of this place that you have seen.
                   A       B       C       D       E      F
               +-------+-------+-------+-------+-------+----------------------
         Total | 100.0 | 100.0 | 100.0 |   N/A | 100.0 |  48.0
       Dungeon | 100.0 | 100.0 | 100.0 |   N/A | 100.0 |  48.0
               +-------+-------+-------+-------+-------+----------------------

Vault maps used:
D:1:      minmay_arrival_wavy_path, minmay_misc_feat_room, item_on_display_a
D:2:      first_ration
D:3:      uniq_sigmund, uniq_crazy_yiuf_cottage, uniq_jessica
D:4:      serial_shops, nicolae_shop_waterfront, uniq_eustachio
